Map: Acid Plant LE

Players

Alex - Winner!

  • Race: Zerg Zerg
  • League: Master
  • Spawn Location: 11:00

A.I. 1 (Very Easy)

  • Race: Protoss Protoss
  • Spawn Location: 5:00

VOD

Have the link to the VOD?

Description

Time

  • Played on: Aug. 9, 2018, 1:45 p.m.
  • Length: 4:51
Show
View Real Time Build Order
Export as new Build Order

Alex Zerg - Winner!

Build Orders: Hatch First 

Get SALT Encoding   

  12  0:03  Drone  
  13  0:12  Overlord  
  13  0:17  Drone  
  14  0:31  Drone x2  
  16  0:49  Hatchery  
  15  0:54  Extractor  
  15  0:55  Drone  
  15  0:58  Drone  
  15  1:02  Drone  
  17  1:08  Drone  
  18  1:21  Spawning Pool  
  18  1:24  Drone  
  18  1:31  Drone  
  19  1:40  Drone  
  20  1:51  Drone  
  21  2:01  Drone  
  22  2:02  Drone  
  22  2:07  Queen  
  22  2:08  Queen  
  25  2:12  Overlord  
  25  2:15  Overlord  
  27  2:20  Metabolic Boost  
  27  2:24  Drone  
  28  2:33  Drone  
  29  2:42  Hatchery  
  28  2:49  Lair  
  28  2:52  Zergling x2  
  28  2:54  Zergling x2  
  28  2:57  Zergling x2  
  31  2:59  Zergling x2  
  32  3:08  Pneumatized Carapace  
  32  3:10  Zergling x2  
  32  3:11  Zergling x2  
  34  3:14  Zergling x2  
  34  3:15  Zergling x2  
  36  3:21  Zergling x6  
  36  3:25  Zergling x2  
  40  3:30  Zergling x4  
  40  3:31  Zergling x2  
  40  3:33  Zergling x2  
  44  3:40  Overlord  
  44  3:55  Zergling x10  
  49  3:59  Zergling x2  
  50  4:11  Zergling x10  
  55  4:30  Zergling x2  
  55  4:31  Zergling x4  
  57  4:32  Overlord  
Show
View Real Time Build Order
Export as new Build Order

A.I. 1 (Very Easy) Protoss 

Build Orders:  

Get SALT Encoding   

  12  0:00  Probe  
  13  0:13  Probe  
  14  0:20  Pylon  
  14  0:36  Assimilator  
  14  0:42  Gateway  
  14  0:46  Pylon  
  14  1:15  Assimilator  
  14  1:17  Probe  
  14  1:25  Probe  
  16  1:33  Probe, Cybernetics Core  
  17  1:43  Probe  
  18  1:54  Probe  
  18  2:00  Warp Gate  
  19  2:02  Probe  
  20  2:10  Stalker  
  22  4:23  Stalker  
  24  4:25  Pylon  
  24  4:27  Probe  
  6  4:39  Probe  
Tags
 
League
Master
Matchup
PvZ
Spawn Locations
Cross Positions
Add a new tag
Caveats
  • Supply blocks, unpowered buildings, or Contaminate may cause inaccurate times.
  • Supply counts are checked every 10 seconds.